 Dungeon Crawl Stone Soup version 0.23-a0-767-gdc19b93d68 (webtiles) character file.

50 Hercules1031 the Ducker (level 3, 0/19 HPs)
             Began as a Spriggan Monk on Jan 28, 2019.
             Slain by a worm (10 damage)
             ... on level 2 of the Dungeon.
             The game lasted 00:05:10 (1410 turns).

Hercules1031 the Ducker (Spriggan Monk)             Turns: 1410, Time: 00:05:10

Health: 0/19       AC:  3    Str:  3    XL:     3   Next: 55%
Magic:  4/4        EV: 21    Int: 11    God:
Gold:   70         SH:  0    Dex: 19    Spells: 2/2 levels left

rFire    . . .     SeeInvis +   l - +4 dagger
rCold    . . .     Gourm    .   (shield restricted)
rNeg     . . .     Faith    .   b - +1 robe
rPois    .         Spirit   .   (helmet restricted)
rElec    .         Reflect  .   (no cloak)
rCorr    .         Harm     .   (gloves unavailable)
MR       .....                  (boots unavailable)
Stlth    ++++......             (no amulet)
HPRegen  0.06/turn              m - ring of stealth
MPRegen  0.09/turn              k - -4 ring of strength (curse)

@: very quick
A: very small, unfitting armour, see invisible, herbivore, speed 3, slow
metabolism 2
a: no special abilities


You were on level 2 of the Dungeon.
You were not hungry.

You visited 1 branch of the dungeon, and saw 2 of its levels.

You collected 70 gold pieces.

Inventory:

Hand Weapons
 a - a +0 short sword
 l - a +4 dagger (weapon)
Armour
 b - a +1 robe (worn)
 h - a +0 crystal plate armour
Jewellery
 k - a cursed -4 ring of strength (right hand)
 m - a ring of stealth (left hand)
Scrolls
 d - a scroll of identify
Comestibles
 c - 3 rations


   Skills:
 + Level 2.7 Fighting
 + Level 3.6 Short Blades
 + Level 5.0 Dodging
 * Level 4.5 Stealth


You had 2 spell levels left.
You didn't know any spells.
Your spell library was empty.

Dungeon Overview and Level Annotations

Branches:
Dungeon (2/15)

Altars:


Innate Abilities, Weirdness & Mutations

You are very small and have problems with some larger weapons.
You are too small for most types of armour.
You have supernaturally acute eyesight. (SInv)
You are a herbivore.
You cover ground extremely quickly.
You need to consume almost no food.


Message History

You hit the kobold.
You kill the kobold!
You hit the goblin.
You kill the goblin!
You hit the hobgoblin.
The hobgoblin is heavily wounded.
The hobgoblin misses you.
You hit the hobgoblin.
You kill the hobgoblin!
You hit the worm.
The worm is lightly wounded.
You hit the worm but do no damage.
The worm is lightly wounded.
You hit the worm.
The worm is lightly wounded.
You hit the worm.
The worm is lightly wounded.
The worm bites you. The worm bites you!
Ouch! That really hurt!
You die...

.#............. .......
##............## .......
............... ..>....
.sw..###......###.......
...>.###.!....#....^....
....................h...
..#.......w.............
..#........w..##w##.....
..#........K.###@w# ....
#..........#..†#.# ..
##.....#####..#..#
#.........#.# .##
#.........## ##
#.........# #.........#
#.........# #.........##


You could see 2 worms.

Vanquished Creatures
  2 dart slugs (D:1)
  3 leopard geckos (D:1)
  3 bats
  2 giant cockroaches
  7 goblins
  3 hobgoblins
  5 jackals (D:2)
  3 ball pythons
  5 kobolds
  6 rats
39 creatures vanquished.

Notes
Turn   | Place    | Note
-------+----------+-------------------------------------------
     0 | D:1      | Hercules1031 the Spriggan Monk began the quest for the Orb.
     0 | D:1      | Reached XP level 1. HP: 11/11 MP: 2/2
   406 | D:1      | Reached XP level 2. HP: 8/16 MP: 3/3
  1062 | D:1      | Reached XP level 3. HP: 19/19 MP: 4/4
  1377 | D:2      | Reached skill level 5 in Dodging
  1410 | D:2      | Slain by a worm

Vault maps used:
D:1:      kennysheep_arrival_forest
D:2:      marbit_many_paths, first_ration

Skill      XL: |  1  2  3 |
---------------+----------+-----
Stealth        | 4 |  4.5
Dodging        | 5 |  5.0
Fighting       | |  2.7
Short Blades   | |  3.6

Action                   || total
-------------------------++-------
Melee: Short sword       ||    74
       Dagger            ||    65
  Use: Scroll            ||     6
       Potion            ||     1
 Stab: Distracted        ||     1
       Sleeping          ||     5
Armor: Robe              ||    18
Dodge: Dodged            ||   124

Table legend:
 A = Non-vault XP
 B = Vault XP
 C = Vault XP percentage of total XP
 D = Non-vault monster count
 E = Vault monster count
 F = Vault count percentage of total count
                 A         B        C        D         E       F
            +---------+---------+-------+---------+---------+-------
      Total |      70 |       2 |   2.8 |      38 |       1 |   2.6
            +---------+---------+-------+---------+---------+-------
        D:1 |      45 |       0 |   0.0 |      24 |       0 |   0.0
        D:2 |      25 |       2 |   7.4 |      14 |       1 |   6.7
            +---------+---------+-------+---------+---------+-------
